 Dungeon Crawl Stone Soup version 0.30-a0-782-ge64f9170bb (webtiles) character file.

Game seed: 2607615347302003996

58 StromboliEnjoyer the Sneak (level 4, 0/27 HPs)
             Began as a Kobold Brigand on Mar 13, 2023.
             Slain by a gnoll
             ... wielding a +0 whip
              (2 damage)
             ... on level 2 of the Dungeon.
             The game lasted 00:02:09 (987 turns).

StromboliEnjoyer the Sneak (Kobold Brigand)          Turns: 987, Time: 00:02:10

Health: 0/27       AC:  3    Str:  8    XL:     4   Next: 21%
Magic:  4/4        EV: 14    Int: 12    God:
Gold:   32         SH:  0    Dex: 18    Spells: 2/3 levels left

rFire   . . .      SeeInvis .    a - +2 dagger
rCold   . . .      Faith    .    (no shield)
rNeg    + . .      Spirit   .    b - +0 robe
rPois   .          Reflect  .    (no helmet)
rElec   .          Harm     .    c - +0 cloak
rCorr   .          Rampage  .    (no gloves)
Will    .....                    (no boots)
Stlth   +++++                    f - amulet of the acrobat
HPRegen 0.24/turn                j - ring of positive energy
MPRegen 0.09/turn                (no ring)

@: no status effects
A: small, no large weapons, nightstalker 3
a: no special abilities


You were on level 2 of the Dungeon.
You visited 1 branch of the dungeon, and saw 2 of its levels.

You collected 32 gold pieces.

Inventory:

Hand Weapons
 a - a +2 dagger (weapon)
 h - a +0 sling
Missiles
 d - 15 poisoned darts (quivered)
 e - 3 curare-tipped darts
Armour
 b - a +0 robe (worn)
 c - a +0 cloak (worn)
Jewellery
 f - an amulet of the acrobat (around neck)
 j - a ring of positive energy (left hand)
Scrolls
 g - 2 scrolls of identify {unknown}
 i - a scroll of immolation {unknown}
Potions
 k - a potion of might {unknown}
 l - a potion of ambrosia {unknown}


   Skills:
 + Level 2.3 Fighting
 + Level 2.9 Short Blades
 + Level 2.2 Throwing
 + Level 1.4 Dodging
 * Level 7.2 Stealth


You had 2 spell levels left.
You knew the following spells:

 Your Spells              Type           Power      Damage    Failure   Level
a - Necrotise             Necr           0%         1d4       32%         1

Your spell library contained the following spells:

 Spells                   Type           Power      Damage    Failure   Level
 Vampiric Draining        Necr           0%         2d6       69%         3
 Agony                    Necr           0%         N/A       100%        5


Dungeon Overview and Level Annotations

Branches:
Dungeon (2/15)

Altars:


Innate Abilities, Weirdness & Mutations

You are small and have problems with some larger weapons.
You are completely attuned to the shadows.


Message History

You hit the gnoll but do no damage.
The gnoll is lightly wounded.
You hit the gnoll.
The gnoll is moderately wounded.
The gnoll hits you with a +0 whip.
You barely miss the gnoll.
The gnoll is moderately wounded.
The gnoll completely misses you.
You hit the gnoll.
The gnoll is heavily wounded.
The gnoll closely misses you.
You barely miss the gnoll.
The gnoll is heavily wounded.
The gnoll completely misses you. The gnoll barely misses you.
The gnoll attacks as you move away! The gnoll misses you.
You closely miss the gnoll.
The gnoll is heavily wounded.
The gnoll hits you with a +0 whip.
You hit the gnoll.
The gnoll is almost dead.
The gnoll hits you with a +0 whip.
You hit the gnoll.
You kill the gnoll!
The gnoll closely misses you. The gnoll completely misses you.
You see here a +0 whip.
You hit the gnoll.
The gnoll is moderately wounded.
The gnoll closely misses you.
You hit the gnoll.
The gnoll is moderately wounded.
The gnoll misses you. The gnoll barely misses you.
You hit the gnoll.
The gnoll is severely wounded.
The gnoll hits you with a +0 whip.
The gnoll hits you from afar with a +2 heavy halberd!
* * * LOW HITPOINT WARNING * * *
You closely miss the gnoll.
The gnoll is severely wounded.
The gnoll hits you with a +0 whip.
You die...

#.#...##...###.......#
###...........##......##
...............#.....##
.................#####
.†...............#
...............#.#
)........#.....#.#
....###..###.###.# ....#
.## #@# ..<..# #g#
.....# #g# .....#
#####g#### ..#.........
............
>.#......... ...........
##.#########


You could see 2 gnolls and a goblin.

Vanquished Creatures
  A gnoll (D:2)
  2 adders (D:2)
  A dart slug (D:1)
  An endoplasm (D:1)
  2 giant cockroaches (D:1)
  3 goblins
  5 hobgoblins
  2 jackals (D:1)
  4 ball pythons (D:1)
  A bat (D:1)
  3 frilled lizards
  A kobold (D:2)
  A rat (D:1)
27 creatures vanquished.

Notes
Turn   | Place    | Note
-------+----------+-------------------------------------------
     0 | D:1      | StromboliEnjoyer the Kobold Brigand began the quest for the
                  | Orb.
     0 | D:1      | Reached XP level 1. HP: 12/12 MP: 1/1
   128 | D:1      | Reached XP level 2. HP: 17/17 MP: 2/2
   161 | D:1      | Reached skill level 6 in Stealth
   246 | D:1      | Found a faded altar of an unknown god.
   442 | D:1      | Reached XP level 3. HP: 18/21 MP: 3/3
   846 | D:2      | Learned a level 1 spell: Necrotise
   878 | D:2      | Reached skill level 7 in Stealth
   895 | D:2      | Reached XP level 4. HP: 21/26 MP: 4/4
   987 | D:2      | Slain by a gnoll

Illustrated notes

Levels and vault maps discovered:
D:1:      minmay_arrival_hallway, layout_basic,
          hellmonk_ecumenical_altar_arch_garden
D:2:      layout_rooms, minmay_pentomino_r4

Skill      XL: |  1  2  3 |
---------------+----------+-----
Stealth        | 6 7 |  7.2
Fighting       | |  2.3
Short Blades   | |  2.9
Throwing       | |  2.2
Dodging        | |  1.4

Action                     |  1- 3 |  4- 6 || total
---------------------------+-------+-------++-------
  Melee: Dagger            |    61 |    15 ||    76
   Stab: Sleeping          |    13 |       ||    13
 Armour: Robe              |     6 |       ||     6
  Dodge: Dodged            |    33 |    24 ||    57

Table legend: (Time is in decaauts)
 A = Elapsed time spent in this place.
 B = Non-inter-level travel time spent in this place.
 C = Inter-level travel time spent in this place.
 D = Time resting spent in this place.
 E = Time spent auto-exploring this place.
 F = Levels seen in this place.
 G = Mean time per level.
                   A        B        C        D        E       F      G
               +--------+--------+--------+--------+--------+-----+--------+
         Total |    975 |    975 |      0 |      0 |    543 |   2 |  487.5 |
       Dungeon |    975 |    975 |      0 |      0 |    543 |   2 |  487.5 |
               +--------+--------+--------+--------+--------+-----+--------+

Top non-repeatable levels by time:
     D:1: 802 daAuts
     D:2: 173 daAuts
